 Dungeon Crawl Stone Soup version 0.24-a0-789-g35933f4 (webtiles) character file.

Game seed: 16690451247686382701, levelgen mode: deterministic

266 Coldstonesans the Vexing (level 6, -2/41 HPs)
             Began as a Vampire Enchanter on Oct 11, 2019.
             Slain by a worker ant (5 damage)
             ... on level 4 of the Dungeon.
             The game lasted 00:12:17 (2872 turns).

Coldstonesans the Vexing (Vampire Enchanter)        Turns: 2872, Time: 00:12:18

Health: -2/41      AC:  2    Str:  7    XL:     6   Next: 0%
Magic:  1/10       EV: 13    Int: 20    God:
Gold:   177        SH:  0    Dex: 14    Spells: 3/10 levels left

rFire    . . .     SeeInvis +   i - +3 dagger (pain)
rCold    . . .     Gourm    .   (no shield)
rNeg     + . .     Faith    .   b - +0 robe
rPois    .         Spirit   .   (no helmet)
rElec    .         Reflect  .   (no cloak)
rCorr    .         Harm     .   (no gloves)
MR       .....                  (no boots)
Stlth    ++++......             n - amulet of magic regeneration
HPRegen  0.33/turn              f - ring of stealth
MPRegen  0.37/turn              o - ring of positive energy

@: flying, regenerating quickly
A: no food, fangs 3, see invisible, unbreathing
a: Exsanguinate


You were on level 4 of the Dungeon.
You were alive.

You visited 1 branch of the dungeon, and saw 4 of its levels.

You collected 177 gold pieces.

Inventory:

Hand Weapons
 a - a +1 dagger
 i - a +3 dagger of pain (weapon)
Armour
 b - a +0 robe (worn)
Magical Staves
 q - an uncursed staff of wizardry
Jewellery
 f - a ring of stealth (left hand)
 n - an amulet of magic regeneration (around neck)
 o - a ring of positive energy (right hand)
 r - an uncursed amulet of rage
Scrolls
 c - 2 scrolls of fog {unknown}
 e - a scroll of fear {unknown}
 g - a scroll of random uselessness {unknown}
 j - 2 scrolls of amnesia {unknown}
 l - a scroll of teleportation {unknown}
 m - a scroll of remove curse {unknown}
 s - a scroll of magic mapping {unknown}
 t - 4 scrolls of immolation {unknown}
Potions
 p - a potion of agility


   Skills:
 * Level 3.5 Short Blades
 + Level 3.1 Dodging
 + Level 5.6 Stealth
 + Level 2.7 Spellcasting
 * Level 6.5 Hexes


You had 3 spell levels left.
You knew the following spells:

 Your Spells              Type           Power        Failure   Level  Hunger
a - Corona                Hex            ####...      1%          1    N/A
b - Confuse               Hex            ####....     3%          3    N/A
c - Dazzling Spray        Conj/Hex       ###...       12%         3    N/A

Your spell library contained the following spells:

 Spells                   Type           Power        Failure   Level  Hunger
 Tukima's Dance           Hex            ####....     3%          3    N/A
 Ensorcelled Hibernation  Hex/Ice        ###...       6%          2    N/A

Dungeon Overview and Level Annotations

Branches:
Dungeon (4/15)
 Temple: D:4-7

Altars:
Hepliaklqana
Uskayaw
Zin
The Shining One


Innate Abilities, Weirdness & Mutations

You do not eat.
Your natural rate of healing is unusually fast.
You have razor-sharp teeth.
You have supernaturally acute eyesight. (SInv)
You can survive without breathing.


Message History

You fly up into the air.
The worker ant closely misses you. The worker ant bites you.
* * * LOW HITPOINT WARNING * * *
Casting: Confuse (safe; 3% risk of failure)
Confirm with . or Enter, or press ? or * to list all spells.
Aiming: Dazzling Spray (safe; 12% risk of failure)
Press: ? - help, Shift-Dir - straight line, f/p - worker ant
Aim: a worker ant (severely wounded)
Okay, then.
Casting: Dazzling Spray (safe; 12% risk of failure)
Confirm with . or Enter, or press ? or * to list all spells.
Aiming: Dazzling Spray (safe; 12% risk of failure)
Press: ? - help, Shift-Dir - straight line, f - orc wizard, p - worker ant
Aim: an orc wizard, wielding a +0 dagger and wearing a +0 robe (heavily wounded)
The spray of energy misses the worker ant.
The orc wizard gestures wildly while chanting.
The orc wizard flickers and vanishes for a moment.
The worker ant bites you.
You die...

....##....# ###########
.#........#########........[#
.####.......................# .#
##.#..##....####..........# ##
#..#.## #...............#
###.##.# #####o....#####.# .
#...##.# ##### #o..##.## ##.###.
#.#..#.###...###a#.##ao###.....a
#.#..........#.@...###.##.......
##.#.###'###....#####
#o)#.P....♣ .....# #.# #....#
##......♣≈≈ .....###.###..###
###....≈≈≈ .....'.._###..#
#...≈≈≈≈ .....###.###..#
##.≈≈≈≈≈ .....# #.# #.## #.≈≈≈≈≈
.....# #+# #.# #..≈≈≈≈ ......
..# #..[≈≈≈


You could see a worker ant, an orc wizard (invisible) and an orc.

Vanquished Creatures
  An orc priest (D:3)
  An orc wizard (D:4)
  4 gnolls (D:4)
  9 adders
  An ooze (D:3)
  A worm (D:3)
  4 dart slugs
  2 leopard geckos
  4 orcs (D:3)
  11 bats
  2 giant cockroaches
  7 goblins
  6 hobgoblins
  7 jackals
  2 quokkas
  2 ball pythons (D:3)
  A ball python skeleton (D:4)
  3 frilled lizards (D:1)
  9 kobolds
  12 rats
89 creatures vanquished.

Vanquished Creatures (others)
  An orc (D:4)
1 creature vanquished.

Grand Total: 90 creatures vanquished

Notes
Turn   | Place    | Note
-------+----------+-------------------------------------------
     0 | D:1      | Coldstonesans the Vampire Enchanter began the quest for the
                  | Orb.
     0 | D:1      | Reached XP level 1. HP: 13/13 MP: 3/3
    98 | D:1      | Reached XP level 2. HP: 7/19 MP: 3/5
   369 | D:1      | Reached skill level 5 in Hexes
   557 | D:1      | Reached XP level 3. HP: 21/24 MP: 6/6
   882 | D:1      | Learned a level 3 spell: Confuse
  1006 | D:2      | Found a hide-covered altar of Uskayaw.
  1133 | D:2      | Reached XP level 4. HP: 30/30 MP: 7/7
  1465 | D:2      | Reached skill level 5 in Stealth
  1563 | D:2      | Learned a level 3 spell: Dazzling Spray
  2106 | D:3      | Reached skill level 6 in Hexes
  2106 | D:3      | Reached XP level 5. HP: 23/35 MP: 5/8
  2347 | D:3      | Found a glowing golden altar of the Shining One.
  2476 | D:3      | Found a hazy altar of Hepliaklqana.
  2757 | D:4      | Found a glowing silver altar of Zin.
  2834 | D:4      | Reached XP level 6. HP: 13/41 MP: 3/10
  2855 | D:4      | HP: 1/41 [orc wizard/magic dart (8)]
  2872 | D:4      | Slain by a worker ant

Levels and vault maps discovered:
D:1:      zaba_arrival_water, layout_basic, minmay_tromino_v4_c
D:2:      layout_loops_ring, eat_drink_and_be_merry_uskayaw
D:3:      layout_basic, tso_altar, nicolae_overflow_hidden_temple, first_ration
D:4:      layout_rooms, lemuel_doored_altar, guppyfry_early_lair_pool,
          uniq_crazy_yiuf_cottage

Skill      XL: |  1  2  3  4  5 |
---------------+----------------+-----
Hexes          | 5 6 |  6.5
Short Blades   | 2 3 |  3.5
Stealth        | 5 |  5.6
Dodging        | 3 |  3.1
Spellcasting   | |  2.7

Action                   |  1- 3 |  4- 6 || total
-------------------------+-------+-------++-------
Melee: Dagger            |   146 |   138 ||   284
       Bite              |    15 |     5 ||    20
 Cast: Corona            |     5 |       ||     5
       Confuse           |     4 |    10 ||    14
       Dazzling Spray    |       |    11 ||    11
 Abil: Exsanguinate      |       |     1 ||     1
  Use: Scroll            |     1 |     3 ||     4
       Potion            |       |     6 ||     6
 Stab: Sleeping          |     5 |    21 ||    26
       Confused          |       |     6 ||     6
       Invisible         |       |     1 ||     1
Armor: Robe              |    30 |    13 ||    43
       Skin              |       |    33 ||    33
Dodge: Dodged            |   121 |    97 ||   218

Table legend:
 A = Non-vault XP
 B = Vault XP
 C = Vault XP percentage of total XP
 D = Non-vault monster count
 E = Vault monster count
 F = Vault count percentage of total count
                 A         B        C        D         E       F
            +---------+---------+-------+---------+---------+-------
      Total |     340 |      40 |  10.5 |      86 |       4 |   4.4
            +---------+---------+-------+---------+---------+-------
        D:1 |      47 |       2 |   4.1 |      27 |       1 |   3.6
        D:2 |      78 |       0 |   0.0 |      19 |       0 |   0.0
        D:3 |     108 |       0 |   0.0 |      27 |       0 |   0.0
        D:4 |     107 |      38 |  26.2 |      13 |       3 |  18.8
            +---------+---------+-------+---------+---------+-------
